Map: Deathaura LE

Players

sallgoodman

  • Race: Terran Terran
  • League: Silver
  • Spawn Location: 5:00

BrightDyed - Winner!

  • Race: Terran Terran
  • League: Master
  • Spawn Location: 11:00

VOD

Have the link to the VOD?

Description

Time

  • Played on: Feb. 16, 2021, 12:01 a.m.
  • Length: 30:45
Show
View Real Time Build Order
Export as new Build Order

sallgoodman Terran 

Build Orders:  

Get SALT Encoding   

  12  0:01  SCV  
  13  0:18  SCV  
  13  0:20  Supply Depot  
  14  0:27  Refinery  
  14  0:30  SCV  
  15  0:46  Barracks  
  15  0:47  SCV  
  16  0:59  SCV  
  17  1:07  Barracks  
  17  1:11  SCV  
  18  1:21  Refinery  
  18  1:32  SCV  
  19  1:48  Factory, Marine  
  20  1:57  Marine  
  21  2:06  Supply Depot  
  21  2:07  SCV  
  22  2:15  Marine  
  23  2:18  Barracks Reactor  
  23  2:28  SCV  
  24  2:35  Supply Depot  
  24  2:37  Barracks Tech Lab  
  24  2:42  Starport, Factory Tech Lab  
  24  2:57  Marine x2  
  26  3:03  Siege Tank  
  29  3:06  Marine  
  30  3:20  Marine  
  30  3:23  Supply Depot  
  30  3:25  Medivac  
  33  3:35  Marine  
  33  3:38  Marine  
  33  3:40  SCV  
  36  3:46  Marine  
  37  3:53  Orbital Command  
  37  3:56  Marine x2  
  39  4:08  Engineering Bay  
  39  4:17  Medivac  
  39  4:22  SCV  
  42  4:32  Siege Tank  
  43  5:14  Siege Tank  
  46  5:43  Marine  
  47  5:58  Supply Depot  
  47  6:11  Supply Depot  
  47  6:19  Marine x3  
  50  6:34  Supply Depot  
  50  6:37  Marine x2  
  52  6:41  Command Center  
  52  7:04  Siege Tank  
  52  7:06  Starport Reactor  
  55  7:27  Command Center  
  55  7:33  Hi-Sec Auto Tracking  
  55  7:36  Siege Tank  
  58  7:42  Engineering Bay  
  58  7:46  Marine x2  
  60  7:52  Marine  
  61  8:03  Marine  
  62  8:08  Siege Tank  
  62  8:40  Siege Tank  
  65  8:55  SCV  
  62  9:07  SCV  
  60  9:19  SCV  
  61  9:31  SCV  
  62  9:43  SCV  
  62  10:05  SCV  
  63  10:13  Barracks  
  63  10:17  SCV  
  63  10:19  SCV  
  65  10:29  Sensor Tower  
  65  10:30  SCV  
  65  10:31  SCV  
  67  10:38  Siege Tank  
  67  10:42  SCV  
  71  10:43  SCV  
  72  10:54  Sensor Tower, SCV  
  67  11:03  Barracks  
  52  11:06  SCV  
  52  11:10  Siege Tank  
  52  11:18  SCV  
  52  11:30  SCV  
  53  11:35  Command Center  
  53  11:40  Marine x2  
  53  11:42  Siege Tank, SCV  
  53  11:43  Marine  
  60  11:58  Marine x2  
  60  12:00  Marine  
  62  12:04  SCV  
  63  12:14  Siege Tank  
  66  12:15  Terran Infantry Weapons Level 1  
  66  12:16  Marine x2, SCV  
  66  12:18  Marine  
  66  12:19  Stimpack  
  70  12:28  SCV  
  71  12:34  Marine x2  
  71  12:36  Marine  
  74  12:40  SCV  
  75  12:45  Command Center  
  75  12:46  Siege Tank  
  75  12:49  Barracks Reactor  
  78  12:52  Sensor Tower  
  78  12:53  SCV  
  78  12:54  Marine  
  80  13:19  Siege Tank  
  82  13:37  Medivac x2  
  86  13:44  Orbital Command  
  86  13:49  Refinery  
  86  13:50  Barracks Reactor  
  86  13:51  Refinery  
  86  13:58  Combat Shield  
  85  14:22  Marine x3  
  88  14:31  Marine x3  
  88  14:32  Marine  
  88  14:38  Terran Infantry Armor Level 1  
  92  14:39  Neosteel Armor  
  92  14:40  Marine x3  
  92  14:44  Supply Depot  
  95  14:49  Marine x4  
  99  14:58  Marine x3  
  99  15:07  Marine x2  
  91  15:08  Supply Depot  
  83  15:21  Command Center  
  83  15:32  Supply Depot  
  83  15:35  Marine x4  
  85  15:36  Marine x3  
  90  15:53  Marine x6  
  90  15:54  Marine  
  90  15:55  Supply Depot  
  97  15:58  Command Center  
  97  16:06  Command Center  
  97  16:10  Marine  
  97  16:11  Marine x6  
  98  16:28  Marine x2  
  98  16:29  Marine x5  
  105  16:46  Marine x3  
  108  16:51  Sensor Tower  
  106  18:07  Command Center  
  106  18:15  Command Center  
  106  18:18  Marine x2  
  106  18:19  Marine x5  
  113  18:36  Marine x3  
  113  18:37  Marine x4  
  120  18:54  Marine x5  
  120  18:55  Marine x2  
  127  19:02  Armory  
  127  19:12  Marine  
  116  19:47  Siege Tank  
  116  19:52  Marine x5  
  124  20:19  Siege Tank  
  123  20:51  Siege Tank  
  93  21:22  Marine  
  93  21:23  Siege Tank  
  95  21:25  Marine  
  95  21:26  Marine x5  
  100  21:40  Marine  
  100  21:43  Marine  
  100  21:44  Marine x4  
  105  21:55  Siege Tank  
  96  22:32  Medivac x2  
  80  23:02  Medivac x2  
  84  23:11  Marine  
  84  23:12  Marine x6  
  84  23:29  Marine x2  
  84  23:30  Marine x5  
  84  23:31  Medivac  
  84  23:32  Medivac  
  82  23:47  Marine  
  79  23:54  Marine x3  
  79  23:55  Marine x3  
  85  24:05  Marine  
  86  24:12  Marine x3  
  86  24:13  Marine x3  
  92  24:23  Marine  
  93  24:30  Marine x2  
  89  24:48  Marine x2  
  89  24:49  Marine x5  
  93  24:59  Siege Tank  
  96  25:06  Marine x3  
  96  25:07  Marine  
  83  25:31  Siege Tank  
  86  25:52  SCV  
  87  26:03  Siege Tank  
  90  26:04  SCV  
  89  26:16  SCV  
  88  26:25  Marine x4  
  89  26:26  Marine x3  
  89  26:28  SCV  
  96  26:33  Medivac x2  
  96  26:35  Siege Tank  
  103  26:40  SCV  
  103  26:43  Marine x5  
  103  26:44  Marine x2  
  111  26:59  Refinery  
  111  27:01  Marine x6  
  113  27:02  Marine  
  113  27:03  Medivac x2  
  113  27:07  Siege Tank  
  125  27:18  Marine  
  125  27:19  Marine x6  
  132  27:37  Marine  
  130  27:46  Refinery  
  130  27:49  Terran Infantry Weapons Level 2  
  130  27:57  SCV  
  131  28:09  SCV  
  132  28:14  Barracks  
  132  28:31  Refinery  
  120  29:13  Orbital Command  
  97  29:48  Barracks Reactor  
  97  29:50  Marine x2  
  97  29:51  Marine x5  
  98  30:08  Marine x3  
  98  30:09  Marine x4  
  89  30:26  Marine x4  
  89  30:27  Marine x3  
Show
View Real Time Build Order
Export as new Build Order

BrightDyed Terran - Winner!

Build Orders:  

Get SALT Encoding   

  12  0:00  SCV  
  13  0:12  SCV  
  14  0:17  Supply Depot  
  14  0:24  SCV  
  15  0:39  SCV  
  15  0:41  Barracks  
  16  0:51  SCV  
  17  1:03  SCV  
  18  1:14  Barracks  
  18  1:17  SCV  
  19  1:31  Supply Depot  
  19  1:34  Marine  
  19  1:39  Orbital Command  
  20  1:52  Marine  
  21  1:57  Barracks  
  21  2:10  Marine, SCV  
  21  2:13  Command Center  
  23  2:18  Marine  
  24  2:25  SCV  
  24  2:28  Marine  
  26  2:38  SCV  
  26  2:39  Marine  
  28  2:45  Marine  
  29  2:53  Barracks, Marine  
  30  3:05  SCV  
  30  3:06  Marine  
  31  3:17  Supply Depot  
  31  3:25  Marine x2, SCV  
  34  3:27  Orbital Command  
  34  3:33  Supply Depot  
  34  3:34  Marine  
  34  3:37  SCV  
  36  3:49  Marine x3, SCV  
  36  3:51  Engineering Bay  
  36  3:52  Barracks  
  36  3:54  SCV  
  41  3:59  Marine  
  41  4:01  SCV  
  43  4:06  Marine, SCV  
  43  4:07  Marine x2  
  47  4:13  SCV  
  48  4:17  Marine  
  48  4:18  SCV  
  50  4:24  Marine x2  
  50  4:25  Marine  
  50  4:26  SCV  
  54  4:35  Marine  
  54  4:38  SCV x2  
  56  4:39  Marine  
  56  4:41  Command Center  
  56  4:42  Marine x2  
  56  4:43  Barracks, Marine  
  61  4:49  Supply Depot  
  61  4:53  Marine  
  61  4:56  Marine  
  62  5:11  Marine x4, SCV x2  
  62  5:13  Missile Turret  
  68  5:14  Marine  
  69  5:29  Marine  
  69  5:34  Supply Depot  
  70  5:38  Supply Depot x2  
  70  5:41  Supply Depot  
  70  5:49  SCV  
  70  5:53  Marine x5, SCV  
  51  6:06  SCV x2  
  51  6:10  Marine x5  
  58  6:28  Marine x5  
  56  6:46  Marine x5  
  60  6:52  Missile Turret  
  59  7:04  Marine x5  
  59  7:08  Barracks  
  64  7:17  Barracks x2  
  64  7:18  Barracks  
  64  7:19  Barracks x2  
  64  7:21  Barracks  
  54  7:27  Marine x5  
  54  7:28  Marine  
  60  7:41  Supply Depot  
  60  7:43  Orbital Command, Missile Turret  
  60  7:44  Supply Depot  
  60  7:45  Marine x6  
  60  7:50  SCV x2  
  68  7:52  Missile Turret x2  
  68  8:03  Marine  
  68  8:04  Marine x5  
  74  8:07  Missile Turret, Marine x6  
  74  8:08  Marine  
  81  8:21  Marine x6  
  81  8:24  Marine  
  84  8:29  Command Center  
  84  8:33  Marine x3, SCV x3  
  84  8:34  Marine x3  
  80  8:39  Marine x6  
  88  8:42  Marine  
  89  8:51  Marine x4  
  89  8:52  Marine x2  
  95  8:57  Marine x6  
  95  9:00  Marine  
  94  9:07  SCV x2  
  94  9:08  Missile Turret, SCV  
  94  9:09  Missile Turret x2, Marine x5  
  97  9:10  Marine  
  97  9:11  Missile Turret  
  97  9:13  Missile Turret  
  97  9:14  Marine  
  97  9:15  Marine x5  
  98  9:18  Marine  
  93  9:27  Marine x6  
  99  9:32  Marine  
  99  9:33  Marine x5  
  99  9:36  Marine  
  106  9:44  Marine  
  106  9:45  Marine x5  
  98  9:50  Marine x2  
  98  9:51  Marine x4  
  94  10:01  SCV x3  
  94  10:02  Marine x3  
  94  10:03  Marine x4  
  94  10:06  Orbital Command  
  104  10:08  Marine x6  
  110  10:19  SCV x3  
  110  10:20  Marine x5  
  110  10:21  Marine x2  
  118  10:26  Marine x6  
  126  10:37  Marine  
  126  10:38  Marine x4  
  126  10:39  Marine x2  
  126  10:42  Missile Turret  
  133  10:43  Marine, SCV x4  
  133  10:44  Missile Turret, Marine x2  
  133  10:49  Marine x3  
  141  10:55  Marine, SCV x3  
  141  10:56  Marine x6, SCV  
  141  11:01  Marine  
  141  11:02  Marine x2  
  129  11:04  Missile Turret  
  129  11:07  Marine  
  129  11:08  Marine x2  
  129  11:09  Missile Turret  
  132  11:13  Marine  
  132  11:14  Marine x6  
  134  11:19  Marine x2  
  134  11:20  Marine  
  134  11:24  Marine  
  138  11:25  SCV  
  138  11:26  Marine x2, SCV x2  
  138  11:31  Missile Turret, Marine x3  
  138  11:32  Marine x2  
  148  11:43  Command Center, Missile Turret  
  148  11:45  Missile Turret  
  148  11:47  Missile Turret x3  
  148  11:50  Supply Depot  
  148  11:53  Marine x8, Supply Depot  
  148  11:54  Marine x2  
  148  11:55  Marine x3  
  108  12:10  Marine x3  
  108  12:11  Marine x5  
  108  12:12  Marine x3  
  108  12:13  Marine x2, SCV x2  
  108  12:14  Supply Depot, SCV x2  
  125  12:17  Supply Depot  
  122  12:25  SCV  
  122  12:28  Marine x8  
  131  12:30  Marine x5  
  136  12:41  Barracks  
  136  12:42  Barracks  
  136  12:43  SCV x4  
  140  12:46  Marine x8  
  140  12:47  Marine x2  
  140  12:48  Marine  
  151  12:54  Marine x2  
  151  12:57  Orbital Command  
  153  13:04  Marine x6  
  159  13:06  Supply Depot  
  159  13:07  Marine x5  
  159  13:08  Supply Depot  
  159  13:10  Supply Depot  
  163  13:17  Marine  
  160  13:20  SCV x4  
  164  13:28  Command Center  
  158  13:36  Missile Turret  
  158  13:49  Marine x3  
  158  13:50  Marine x6  
  158  13:51  Marine x6  
  172  13:56  Missile Turret  
  170  14:07  Marine x4  
  170  14:08  Marine x7  
  170  14:09  Marine x4  
  185  14:15  Missile Turret  
  185  14:25  Marine x5  
  185  14:26  Marine x7  
  185  14:27  Marine x3  
  200  14:48  Orbital Command, Missile Turret x2  
  200  14:49  Missile Turret x3  
  200  14:50  Missile Turret x2  
  151  15:10  Marine  
  151  15:11  Marine x14  
  151  15:14  Missile Turret  
  122  15:28  Marine x7  
  123  15:29  Marine x8  
  130  15:46  Marine x9  
  130  15:47  Marine x2  
  138  15:58  Marine  
  138  15:59  Marine x3  
  138  16:03  Marine  
  143  16:04  Marine x9  
  143  16:05  Marine  
  153  16:16  Marine  
  153  16:17  Marine x3  
  153  16:18  Command Center  
  122  16:26  Marine  
  122  16:27  Marine x10  
  133  16:34  Marine x3  
  133  16:35  Marine  
  137  16:44  Marine x7  
  137  16:45  Marine x4  
  148  16:51  SCV  
  148  16:52  Marine x4  
  153  17:02  Marine x10  
  163  17:10  Marine x5  
  168  17:19  Marine  
  168  17:20  Marine x9  
  178  17:27  Marine  
  178  17:28  Marine x3  
  182  17:30  Marine  
  168  17:37  Marine  
  168  17:38  Marine x9  
  152  17:45  Marine  
  152  17:46  Marine x3  
  152  17:47  Marine  
  157  17:55  Marine  
  157  17:56  Marine x9  
  167  18:03  Marine  
  167  18:04  Marine x3  
  171  18:05  Marine  
  172  18:13  Marine x3  
  175  18:30  Command Center  
  175  18:53  Command Center, Missile Turret  
  175  18:54  Missile Turret  
  175  18:59  Marine x13  
  175  19:00  Marine x2  
  189  19:13  Missile Turret  
  189  19:15  Missile Turret  
  189  19:16  Marine  
  138  19:17  Marine x14  
  111  19:34  Marine  
  111  19:35  Marine x14  
  111  19:38  Missile Turret  
  126  19:41  Missile Turret  
  126  19:43  Orbital Command  
  126  19:45  Missile Turret  
  126  19:52  Marine  
  127  19:53  Marine x14  
  127  19:59  Missile Turret  
  141  20:03  Missile Turret  
  141  20:07  Missile Turret  
  141  20:10  Missile Turret, Marine x5  
  141  20:11  Marine x10  
  156  20:24  Missile Turret  
  156  20:27  Missile Turret  
  156  20:28  Marine x9  
  157  20:29  Missile Turret, Marine x5  
  157  20:30  Missile Turret, Marine  
  157  20:31  Missile Turret x2  
  157  20:33  Missile Turret x3  
  157  20:34  Missile Turret  
  171  20:35  Missile Turret  
  168  20:46  Missile Turret, Marine x7  
  159  20:56  Missile Turret  
  159  20:58  Missile Turret  
  159  20:59  Missile Turret  
  159  21:03  Missile Turret  
  156  21:07  Missile Turret  
  156  21:08  Missile Turret x2  
  156  21:09  Marine x6  
  156  21:10  Marine x5  
  128  21:17  Missile Turret, Marine  
  128  21:18  Marine x3  
  106  21:27  Marine x11  
  110  21:35  Marine  
  110  21:36  Marine x3  
  114  21:43  Missile Turret x2  
  114  21:44  Marine  
  114  21:45  Marine x10  
  118  21:48  Missile Turret  
  118  21:52  Missile Turret  
  118  21:53  Marine x4  
  121  21:57  Missile Turret  
  121  22:00  Missile Turret  
  100  22:02  Marine  
  100  22:03  Marine x10  
  100  22:04  Missile Turret  
  100  22:05  Missile Turret  
  100  22:07  Missile Turret  
  103  22:08  Missile Turret  
  103  22:11  Marine x4  
  99  22:18  Missile Turret  
  99  22:20  Marine  
  99  22:21  Marine x10  
  105  22:23  Missile Turret  
  105  22:28  Marine  
  105  22:29  Marine x3  
  103  22:38  Marine x5  
  103  22:39  Marine x6  
  114  22:46  Marine  
  114  22:47  Marine x3  
  116  22:56  Marine x8  
  116  22:57  Marine x3  
  123  23:04  Marine  
  123  23:05  Marine x3  
  121  23:14  Marine x7  
  120  23:26  Marine  
  120  23:27  Marine x7  
  120  23:31  Marine  
  120  23:32  Marine x6  
  117  23:44  Marine x7  
  117  23:45  Marine  
  125  23:49  Marine  
  125  23:50  Marine x6  
  132  24:02  Marine x8  
  133  24:03  Orbital Command  
  133  24:07  Orbital Command, Marine x2  
  133  24:08  Marine x5  
  147  24:38  Missile Turret  
  147  24:40  Missile Turret  
  147  24:41  Missile Turret  
  147  24:42  Missile Turret x2  
  123  24:50  Marine  
  123  24:51  Marine x6  
  123  24:52  Marine x8  
  113  24:58  Missile Turret  
  112  25:02  Missile Turret  
  112  25:05  Missile Turret  
  111  25:08  Marine  
  111  25:09  Marine x12  
  111  25:10  Marine x2  
  97  25:25  Marine  
  97  25:27  Marine x14  
  105  25:43  Marine  
  105  25:44  Marine  
  105  25:45  Marine x13  
  120  26:01  Marine  
  120  26:02  Marine  
  120  26:03  Marine x13  
  131  26:10  Missile Turret  
  117  26:13  Missile Turret  
  114  26:20  Missile Turret, Marine  
  114  26:21  Marine x14  
  114  26:22  Missile Turret  
  114  26:23  Missile Turret x2  
  114  26:24  Missile Turret  
  129  26:38  Command Center, Marine x7  
  129  26:39  Marine x8  
  117  26:56  Marine x14  
  117  26:57  Marine  
  120  27:12  Barracks  
  120  27:13  Marine  
  120  27:14  Marine x14  
  120  27:15  Barracks  
  135  27:17  Barracks  
  135  27:22  Barracks  
  135  27:31  Marine  
  135  27:32  Marine x3  
  97  27:50  Missile Turret  
  97  27:51  Orbital Command, Missile Turret  
  97  27:58  Marine  
  97  27:59  Marine x14  
  112  28:10  Missile Turret  
  112  28:12  Missile Turret x2  
  112  28:16  Marine x7  
  112  28:17  Marine x8  
  127  28:34  Marine x13  
  127  28:35  Marine x2  
  105  28:51  Marine  
  105  28:52  Marine x14  
  120  29:09  Marine  
  121  29:10  Marine x14  
  121  29:14  Marine  
  121  29:15  Marine x3  
  139  29:27  Marine  
  139  29:28  Marine x14  
  154  29:32  Marine  
  154  29:33  Marine x2  
  148  29:51  Marine  
  148  29:52  Marine x18  
  135  30:09  Marine x2  
  132  30:18  Marine x10  
  132  30:19  Marine x7  
  146  30:27  Marine  
Tags
 
Matchup
TvT
Race
Terran
Spawn Locations
Cross Positions
Add a new tag
Caveats
  • Supply blocks, unpowered buildings, or Contaminate may cause inaccurate times.
  • Supply counts are checked every 10 seconds.